AoeStats
← liketin1121

Arabia

510944745Analyzed
1v1 RM · 8h ago on Oct 3, 2026· 53m 0s· 2 players
Game mode
Random Map
Map size
Tiny (2 player)
Population
200
Speed
Normal
Resources
Standard
Victory
Conquest
Starting age
Dark Age
Ending age
Imperial Age
RankedLock teamsTeams togetherTeam positionsShared explorationLock speedFull tech treeHidden civsTurbo modeCheats
Victory
Defeat
🇹🇼 Maya · Taiwan
1132
+16
🇹🇼 Japanese · Taiwan
1135
-16
wulooloo
0:26 Loom
9:09 Feudal Age
17:49 Fletching
20:34 Forging
23:41 Castle Age
22:09 Double-Bit Axe
22:31 Horse Collar
23:52 Forging
23:46 Padded Archer Armor
23:52 Crossbowman
24:47 Forging
24:43 Bodkin Arrow
27:22 Gold Mining
29:43 Wheelbarrow
33:25 Thumb Ring
37:37 Forging
37:29 Scale Mail Armor
36:53 Eagle Warrior
37:46 Forging
39:16 Ballistics
39:37 Treadmill Crane
46:06 Imperial Age
47:04 Chain Mail Armor
47:25 Iron Casting
48:02 Conscription
50:01 Hul'che Javelineers
51:18 Holcans
52:28 Plate Mail Armor
liketin1121
7:32 Loom
9:51 Feudal Age
9:56 Man-at-Arms
21:07 Castle Age
19:24 Double-Bit Axe
22:35 Gambesons
22:56 Scale Mail Armor
23:22 Bow Saw
25:40 Chain Mail Armor
25:29 Squires
27:45 Forging
39:58 Imperial Age
37:49 Gold Mining
38:07 Long Swordsman
43:02 Scale Barding Armor
50:24 Two-Handed Swordsman
Connection lost

Rejoining the realm…

Still unreachable

The connection could not be restored.

Session expired

The server has moved on; the page needs a fresh start.